 Dungeon Crawl Stone Soup version 0.27-a0-1200-g94dc6ad4cf (webtiles) character file.

Game seed: 5044362613634883037

253 siradein the Chucker (level 5, 0/48 HPs)
             Began as a Troll Hunter on June 1, 2021.
             Succumbed to a scorpion's poison
             ... on level 4 of the Dungeon.
             The game lasted 00:06:07 (2362 turns).

siradein the Chucker (Troll Hunter)                 Turns: 2362, Time: 00:06:07

Health: 0/48       AC:  4    Str: 21    XL:     5   Next: 90%
Magic:  4/4        EV:  9    Int:  7    God:
Gold:   143        SH:  0    Dex: 10    Spells: 4/4 levels left

rFire    . . .     SeeInvis .     - Unarmed
rCold    . . .     Faith    .   (no shield)
rNeg     . . .     Spirit   .   o - +0 animal skin
rPois    .         Reflect  .   (helmet restricted)
rElec    .         Harm     .   (no cloak)
rCorr    .         Rampage  .   (gloves unavailable)
Will     .....                  (boots unavailable)
Stlth    ++........             (no amulet)
HPRegen  1.16/turn              (no ring)
MPRegen  0.09/turn              (no ring)

@: lethally poisoned (0 -> -5)
A: large, unfitting armour, claws 3, regeneration 1, shaggy fur 1, tough skin 1
a: no special abilities


You were on level 4 of the Dungeon.
You visited 1 branch of the dungeon, and saw 4 of its levels.

You collected 143 gold pieces.

Inventory:

Hand Weapons
 h - a +0 hunting sling
Missiles
 c - 5 large rocks (quivered)
 d - 2 throwing nets
 e - 70 stones
Armour
 o - a +0 animal skin (worn)
Wands
 n - a wand of polymorph (3)
Scrolls
 a - a scroll of enchant weapon {unknown}
 g - a scroll of vulnerability {unknown}
 i - 2 scrolls of identify {unknown}
 j - a scroll of enchant armour {unknown}
Potions
 f - a potion of heal wounds {unknown}
 k - a potion of brilliance {unknown}
 l - a potion of mutation {unknown}
 m - a potion of might {unknown}


   Skills:
 - Level 1.5 Fighting
 + Level 4.8 Throwing
 - Level 1.5 Dodging
 + Level 2.0 Stealth
 + Level 3.0 Unarmed Combat


You had 4 spell levels left.
You didn't know any spells.
Your spell library contained the following spells:

 Spells                   Type           Power      Damage    Failure   Level
 Magic Dart               Conj           0%         1d3       43%         1
 Blink                    Tloc           N/A        N/A       56%         2
 Call Imp                 Summ           0%         N/A       56%         2
 Slow                     Hex            0%         N/A       56%         2
 Conjure Flame            Conj/Fire      0%         6-21      80%         3
 Mephitic Cloud           Conj/Pois/Air  0%         N/A       80%         3


Dungeon Overview and Level Annotations

Branches:
Dungeon (4/15)
 Temple: D:4-7

Altars:
Makhleb
Qazlal


Innate Abilities, Weirdness & Mutations

You are too large for most types of armour.
You have claws for hands.
Your natural rate of healing is unusually fast.
You are covered in fur. (AC +1)
You have tough skin. (AC +1)


Message History

The scorpion is almost dead.
The scorpion stings you.
You are poisoned.
The scorpion poisons you!
You barely miss the scorpion.
The scorpion is almost dead.
You feel sick. The scorpion stings you.
You closely miss the scorpion.
The scorpion is almost dead.
You feel sick. The scorpion barely misses you.
You barely miss the scorpion.
The scorpion is almost dead.
You feel sick. The scorpion stings you.
You scratch the scorpion but do no damage.
The scorpion is almost dead.
You feel sick. The scorpion closely misses you.
You scratch the scorpion but do no damage.
The scorpion is almost dead.
You feel sick. The scorpion stings you! The scorpion stings you.
* * * LOW HITPOINT WARNING * * *
You are more poisoned.
The scorpion poisons you!
You are too injured to fight recklessly!
You are too injured to fight recklessly!
You closely miss the scorpion.
The scorpion is almost dead.
You feel very sick. The scorpion stings you.
* * * LOW HITPOINT WARNING * * *
You are lethally poisoned!
The scorpion poisons you!
* * * LOW HITPOINT WARNING * * *
You feel very sick.
You scratch the scorpion.
You kill the scorpion!
* * * LOW HITPOINT WARNING * * *
You feel very sick.
Your Stealth skill increases to level 2!
Your Unarmed Combat skill increases to level 3!
You die...

#.##.# #....#.# #.##.#
####.#.# ##.##.# #.#.# ......#
#. #.#.# ..#.#.# #. #.#.# ###
......## ###.### #.#.#####..
..#.#.... .....# ..#........
.......## #.#.###############.
...###########..@.......#....#
##
...))<............#####.#.##.#
.##############...# #. .# ...
#.######.....# #. .. ....#
#...........# .#. ###
###..###..........# #.#.
..#####.......)##.#
......#.....###.#.#
.####.#.....# ##..###


There were no monsters in sight!

Vanquished Creatures
  A scorpion (D:4)
  Robin (D:4)
  5 adders
  3 gnolls (D:2)
  A worm (D:4)
  3 dart slugs
  3 orcs (D:3)
  11 bats
  8 endoplasms
  3 giant cockroaches
  14 goblins
  13 hobgoblins
  4 jackals (D:2)
  2 kobolds
  A quokka (D:1)
  8 ball pythons
  A frilled lizard (D:1)
  6 rats
88 creatures vanquished.

Notes
Turn   | Place    | Note
-------+----------+-------------------------------------------
     0 | D:1      | siradein the Troll Hunter began the quest for the Orb.
     0 | D:1      | Reached XP level 1. HP: 19/19 MP: 0/0
   220 | D:1      | Reached XP level 2. HP: 27/27 MP: 1/1
   303 | D:1      | Reached skill level 1 in Unarmed Combat
   473 | D:1      | Reached skill level 1 in Stealth
   874 | D:2      | Reached XP level 3. HP: 32/33 MP: 2/2
   909 | D:2      | Reached skill level 4 in Throwing
   953 | D:2      | Reached XP level 4. HP: 37/41 MP: 3/3
  1193 | D:2      | Found a stormy altar of Qazlal.
  1609 | D:3      | Reached XP level 5. HP: 45/48 MP: 4/4
  1862 | D:3      | Found a burning altar of Makhleb.
  1998 | D:4      | Noticed a phantom
  2026 | D:4      | Noticed Robin
  2056 | D:4      | Killed Robin
  2361 | D:4      | HP: 2/48 [poisoned by a scorpion]
  2362 | D:4      | Succumbed to a scorpion's poison

Illustrated notes

Levels and vault maps discovered:
D:1:      dpeg_arrival_shelter, layout_basic, serial_bayou_pond_d
D:2:      layout_rooms, basic_altar, minmay_hexomino_u4
D:3:      layout_basic, overflow_temple_1_default
D:4:      layout_loops_ring, serial_co_window_serial, co_window_corner_a,
          co_window_corner_a, co_window_paths_a, co_window_corner_a,
          co_window_corner_a, co_window_paths_c, co_window_paths_c,
          co_window_cross_3, co_window_cross_3, co_window_4corner_b,
          co_window_4corner_a, glass_columns_b, glass_columns_c,
          glass_columns_a, uniq_duvessa, uniq_robin

Skill      XL: |  1  2  3  4  5 |
---------------+----------------+-----
Unarmed Combat | 1 2 3 |  3.0
Stealth        | 1 2 |  2.0
Throwing       | 4 |  4.8
Fighting       | |  1.5
Dodging        | |  1.5

Action                   |  1- 3 |  4- 6 || total
-------------------------+-------+-------++-------
Melee: Unarmed           |   100 |   146 ||   246
 Stab: Sleeping          |       |     2 ||     2
Armor: Robe              |    59 |    32 ||    91
       Animal skin       |       |     8 ||     8
       Skin              |       |     1 ||     1
Dodge: Dodged            |    84 |    61 ||   145

Table legend: (Time is in decaauts)
 A = Elapsed time spent in this place.
 B = Non-inter-level travel time spent in this place.
 C = Inter-level travel time spent in this place.
 D = Time resting spent in this place.
 E = Time spent auto-exploring this place.
 F = Levels seen in this place.
 G = Mean time per level.
                   A        B        C        D        E       F      G
               +--------+--------+--------+--------+--------+-----+--------+
         Total |   2352 |   2278 |     74 |    100 |   1677 |   4 |  588.0 |
       Dungeon |   2352 |   2278 |     74 |    100 |   1677 |   4 |  588.0 |
               +--------+--------+--------+--------+--------+-----+--------+

Top non-repeatable levels by time:
     D:1: 865 daAuts
     D:3: 667 daAuts
     D:2: 471 daAuts
     D:4: 347 daAuts
